AoeStats
← Křovák

MegaRandom

504281361Analyzed
1v1 RM · 29d ago on Sep 4, 2026· 50m 25s· 2 players
Game mode
Random Map
Map size
Tiny (2 player)
Population
200
Speed
Normal
Resources
Standard
Victory
Conquest
Starting age
Dark Age
Ending age
Imperial Age
RankedLock teamsTeams togetherTeam positionsShared explorationLock speedFull tech treeHidden civsTurbo modeCheats
Victory
Defeat
🇨🇿 Britons · Czechia
823
+15
🇰🇿 Koreans · Kazakhstan
811
-15
AoeFromScratch
3:57 Loom
5:11 Loom
12:42 Feudal Age
17:31 Castle Age
16:05 Gold Mining
Křovák
7:56 Loom
11:37 Feudal Age
12:05 Double-Bit Axe
15:54 Castle Age
17:49 Bow Saw
19:24 Horse Collar
21:05 Crossbowman
31:13 Fletching
31:42 Murder Holes
36:42 Bodkin Arrow
41:07 Heavy Plow
Connection lost

Rejoining the realm…

Still unreachable

The connection could not be restored.

Session expired

The server has moved on; the page needs a fresh start.